HSSL
BISHOP AMAT HS @ GRAND RAPIDS HS SUMMIT
04/06/2027
 
TOP OF THE 1ST
Bishop Amat HS batting - Pitching for Grand Rapids HS Summit : RHP Pedro Guzmán
Pitching: RHP Pedro Guzmán
Batting: RHB Ralph Petit 0-0: Swinging Strike
0-1: Fly out, F9 (Flyball, 9LS)
Batting: RHB Ken Pérez 0-0: Swinging Strike
0-1: Foul Ball, location: 2F
0-2: Ball
1-2: Strikes out swinging
Batting: RHB Mike Best 0-0: Foul Ball, location: 2F
0-1: Foul Ball, location: 2F
0-2: Ball
1-2: Ball
2-2: SINGLE (Groundball, 6MS) (infield hit)
Batting: RHB Louis García 0-0: Ball
1-0: Swinging Strike
1-1: Ball
2-1: Called Strike
2-2: SINGLE (Flyball, 89S)
Mike Best to second
Batting: RHB Haywood Young 0-0: Swinging Strike
0-1: Foul Ball, location: 2F
0-2: Ball
1-2: Strikes out swinging
Top of the 1st over - 0 run(s), 2 hit(s), 0 error(s), 2 left on base; Bishop Amat HS 0 - Grand Rapids HS 0
BOTTOM OF THE 1ST
Grand Rapids HS Summit batting - Pitching for Bishop Amat HS : RHP Richard Castle
Pitching: RHP Richard Castle
Batting: RHB Bob Barnes 0-0: Swinging Strike
0-1: Foul Ball, location: 2F
0-2: Ball
1-2: Ball
2-2: Ball
3-2: SINGLE (Line Drive, 4MD)
Batting: RHB Julián Maez 0-0: Ball
1-0: Ball
2-0: Ball
3-0: Base on Balls
Bob Barnes to second
Batting: LHB Chris Henry 0-0: Ball
1-0: Ball
2-0: Ball
3-0: Swinging Strike
3-1: Base on Balls
Bob Barnes to third
Julián Maez to second
Batting: LHB Jeffery Casey 0-0: Ball
1-0: Ball
2-0: Called Strike
2-1: Foul Ball, location: 2F
2-2: Foul Ball, location: 2F
2-2: Foul Ball, location: 2F
2-2: Ball
3-2: Base on Balls
Bob Barnes scores
Julián Maez to third
Chris Henry to second
Batting: LHB Daniel Orozco 0-0: Ball
1-0: Fly out, F8 (Flyball, 8LM)
Runner from 3rd tags up, SCORES, throw made
Batting: RHB Jonathan Holden 0-0: Ball
1-0: Foul Ball, location: 2F
1-1: Grounds into double play, 4-6-3 (Groundball, 4M)
Bottom of the 1st over - 2 run(s), 1 hit(s), 0 error(s), 1 left on base; Bishop Amat HS 0 - Grand Rapids HS 2
TOP OF THE 2ND
Bishop Amat HS batting - Pitching for Grand Rapids HS Summit : RHP Pedro Guzmán
Batting: LHB Adam Roberts 0-0: Ball
1-0: Foul Ball, location: 2F
1-1: Foul Ball, location: 2F
1-2: Fly out, F9 (Flyball, 9LM)
Batting: RHB Edison Knight 0-0: Ball
1-0: Ball
2-0: Foul Ball, location: 2F
2-1: Ball
3-1: Base on Balls
Batting: RHB Andrew Miller 0-0: Called Strike
0-1: Swinging Strike
0-2: Ball
1-2: Strikes out swinging
Batting: RHB Ben Martin 0-0: Called Strike
0-1: Fly out, F6 (Flyball, 6MD)
Top of the 2nd over - 0 run(s), 0 hit(s), 0 error(s), 1 left on base; Bishop Amat HS 0 - Grand Rapids HS 2
BOTTOM OF THE 2ND
Grand Rapids HS Summit batting - Pitching for Bishop Amat HS : RHP Richard Castle
Batting: RHB Rob Walker 0-0: Ball
1-0: Ball
2-0: Called Strike
2-1: Ball
3-1: Swinging Strike
3-2: Base on Balls
Batting: RHB Shawn Hanner 0-0: SINGLE (Line Drive, 8LS)
Rob Walker to second
Batting: RHB Ted Morgan 0-0: Foul Ball, location: 2F
0-1: Foul Ball, location: 2F
0-2: Ball
1-2: Strikes out looking
Batting: RHB Bob Barnes 0-0: Swinging Strike
0-1: Ball
1-1: Fly out, F9 (Flyball, 9S)
Batting: RHB Julián Maez 0-0: Swinging Strike
0-1: Called Strike
0-2: Strikes out looking
Bottom of the 2nd over - 0 run(s), 1 hit(s), 0 error(s), 2 left on base; Bishop Amat HS 0 - Grand Rapids HS 2
TOP OF THE 3RD
Bishop Amat HS batting - Pitching for Grand Rapids HS Summit : RHP Pedro Guzmán
Batting: RHB Ralph Petit 0-0: Called Strike
0-1: Ball
1-1: SINGLE (Flyball, 8LM)
Batting: RHB Ken Pérez 0-0: Ball
1-0: Ball
2-0: Swinging Strike
2-1: Called Strike
2-2: Foul Ball, location: 2F
2-2: DOUBLE (Line Drive, 8RD)
Ralph Petit to third
Runner from 3rd tries for Home, SAFE, no throw
Batting: RHB Mike Best 0-0: Fly out, F7 (Flyball, 7LM)
Batting: RHB Louis García 0-0: Reached on error, E4 (Groundball, 4)
Ken Pérez to third
Batting: RHB Haywood Young 0-0: Called Strike
0-1: Ball
1-1: Ball
2-1: Ball
3-1: Called Strike
3-2: Foul Ball, location: 2F
3-2: Base on Balls
Louis García to second
Batting: LHB Adam Roberts 0-0: Ball
1-0: Ball
2-0: Called Strike
2-1: Ball
3-1: Called Strike
3-2: Base on Balls
Ken Pérez scores
Louis García to third
Haywood Young to second
Batting: RHB Edison Knight 0-0: Grounds into fielders choice 1-2 (Groundball, P)
Haywood Young to third
Adam Roberts to second
Batting: RHB Andrew Miller 0-0: Called Strike
0-1: Ball
1-1: Swinging Strike
1-2: Ball
2-2: Ball
3-2: Foul Ball, location: 2F
3-2: Strikes out swinging
Top of the 3rd over - 2 run(s), 2 hit(s), 1 error(s), 3 left on base; Bishop Amat HS 2 - Grand Rapids HS 2
BOTTOM OF THE 3RD
Grand Rapids HS Summit batting - Pitching for Bishop Amat HS : RHP Richard Castle
Batting: LHB Chris Henry 0-0: Called Strike
0-1: Foul Ball, location: 2F
0-2: Foul Ball, location: 2F
0-2: Foul Ball, location: 2F
0-2: SOLO HOME RUN (Flyball, 9D), Distance : 344 ft
Batting: LHB Jeffery Casey 0-0: Called Strike
0-1: Called Strike
0-2: SOLO HOME RUN (Flyball, 9D), Distance : 345 ft
Batting: LHB Daniel Orozco 0-0: Ball
1-0: Swinging Strike
1-1: Swinging Strike
1-2: Foul Ball, location: 2F
1-2: Foul Ball, location: 2F
1-2: Ground out U3 (Groundball, 3L)
Batting: RHB Jonathan Holden 0-0: Ball
1-0: Ball
2-0: Swinging Strike
2-1: Called Strike
2-2: Strikes out swinging
Batting: RHB Rob Walker 0-0: Ball
1-0: Called Strike
1-1: Hit by Pitch
Batting: RHB Shawn Hanner 0-0: Foul Ball, location: 2F
0-1: Ball
1-1: Ball
2-1: Ball
3-1: Fly out, F3 (Popup, 3L)
Bottom of the 3rd over - 2 run(s), 2 hit(s), 0 error(s), 1 left on base; Bishop Amat HS 2 - Grand Rapids HS 4
TOP OF THE 4TH
Bishop Amat HS batting - Pitching for Grand Rapids HS Summit : RHP Pedro Guzmán
Batting: RHB Ben Martin 0-0: Foul Ball, location: 2F
0-1: Foul Ball, location: 2F
0-2: Ball
1-2: Foul Ball, location: 2F
1-2: Ball
2-2: Strikes out swinging
Batting: RHB Ralph Petit 0-0: SINGLE (Line Drive, 4MD)
Batting: RHB Ken Pérez 0-0: Ball
1-0: Ball
2-0: Fly out, F9 (Flyball, 89M)
Batting: RHB Mike Best 0-0: Ball
1-0: Ball
2-0: Swinging Strike
2-1: SINGLE (Groundball, 56D)
Ralph Petit to second
Pitching: LHP Greg Kennedy
Batting: RHB Louis García 0-0: Called Strike
0-1: 3-RUN HOME RUN (Flyball, 7D), Distance : 349 ft
Batting: RHB Haywood Young 0-0: Swinging Strike
0-1: Ball
1-1: Fly out, F6 (Line Drive, 6M)
Top of the 4th over - 3 run(s), 3 hit(s), 0 error(s), 0 left on base; Bishop Amat HS 5 - Grand Rapids HS 4
BOTTOM OF THE 4TH
Grand Rapids HS Summit batting - Pitching for Bishop Amat HS : RHP Richard Castle
Batting: RHB Ted Morgan 0-0: Reached on error, E4 (Groundball, 4M)
Batting: RHB Bob Barnes 0-0: Ball
1-0: Foul Ball, location: 2F
1-1: Called Strike
1-2: Ball
2-2: Ball
3-2: Foul Ball, location: 2F
3-2: Foul Ball, location: 2F
3-2: Base on Balls
Ted Morgan to second
Pitching: RHP Michael Miller
Batting: RHB Julián Maez 0-0: Ball
1-0: Ball
2-0: Ball
3-0: Called Strike
3-1: Base on Balls
Ted Morgan to third
Bob Barnes to second
Batting: LHB Chris Henry 0-0: Called Strike
0-1: Ball
1-1: Foul Ball, location: 2F
1-2: Ball
2-2: Fly out, F8 (Line Drive, 78S)
Runner from 3rd tags up, SCORES, no throw
Batting: LHB Jeffery Casey 0-0: Ball
1-0: SINGLE (Line Drive, 89M)
Bob Barnes to third
Julián Maez to second
Runner from 3rd tries for Home, SAFE, no throw
Batting: LHB Daniel Orozco 0-0: Called Strike
0-1: Called Strike
0-2: Strikes out swinging
Batting: RHB Jonathan Holden 0-0: Ball
1-0: Ball
2-0: Called Strike
2-1: Ball
3-1: Foul Ball, location: 2F
3-2: Foul Ball, location: 2F
3-2: Foul Ball, location: 2F
3-2: Base on Balls
Julián Maez to third
Jeffery Casey to second
Batting: RHB Rob Walker 0-0: Called Strike
0-1: Ball
1-1: Ball
2-1: Foul Ball, location: 2F
2-2: Foul Ball, location: 2F
2-2: Ball
3-2: Foul Ball, location: 2F
3-2: SINGLE (Line Drive, 7LM)
Julián Maez scores
Jeffery Casey to third
Jonathan Holden to second
Jeffery Casey scores
Jonathan Holden to third
Batting: RHB Shawn Hanner 0-0: Called Strike
0-1: Foul Ball, location: 2F
0-2: Ball
1-2: Strikes out swinging
Bottom of the 4th over - 4 run(s), 2 hit(s), 1 error(s), 2 left on base; Bishop Amat HS 5 - Grand Rapids HS 8
TOP OF THE 5TH
Bishop Amat HS batting - Pitching for Grand Rapids HS Summit : LHP Greg Kennedy
Batting: LHB Adam Roberts 0-0: Ball
1-0: Ball
2-0: Called Strike
2-1: Called Strike
2-2: Foul Ball, location: 2F
2-2: Ball
3-2: Foul Ball, location: 2F
3-2: Foul Ball, location: 2F
3-2: Strikes out looking
Batting: RHB Edison Knight 0-0: Ball
1-0: Ball
2-0: Called Strike
2-1: Swinging Strike
2-2: Foul Ball, location: 2F
2-2: Fly out, F9 (Line Drive, 9)
Pitching: RHP Preston Holman
Batting: RHB Andrew Miller 0-0: Called Strike
0-1: Swinging Strike
0-2: Ball
1-2: Ball
2-2: Foul Ball, location: 2F
2-2: Foul Ball, location: 2F
2-2: Strikes out swinging
Top of the 5th over - 0 run(s), 0 hit(s), 0 error(s), 0 left on base; Bishop Amat HS 5 - Grand Rapids HS 8
BOTTOM OF THE 5TH
Grand Rapids HS Summit batting - Pitching for Bishop Amat HS : RHP Michael Miller
Batting: RHB Ted Morgan 0-0: Foul Ball, location: 2F
0-1: Foul Ball, location: 2F
0-2: Foul Ball, location: 2F
0-2: Ball
1-2: Ball
2-2: Foul Ball, location: 2F
2-2: Ball
3-2: Base on Balls
Batting: RHB Bob Barnes 0-0: Ball
1-0: Ball
2-0: Ball
Wild Pitch!
Ted Morgan to second
3-0: Base on Balls
Batting: RHB Julián Maez 0-0: Called Strike
0-1: Ball
1-1: Ground out 6-3 (Groundball, 6S)
Ted Morgan to third
Bob Barnes to second
Batting: LHB Chris Henry 0-0: Ball
Wild Pitch!
Ted Morgan scores
Bob Barnes to third
1-0: Ball
2-0: Ball
3-0: Called Strike
3-1: Called Strike
3-2: Ground out 4-3 (Groundball, 4M)
Bob Barnes scores
Pitching: RHP Jeffrey Lyons
Batting: LHB Jeffery Casey 0-0: Ball
1-0: Ball
2-0: Ball
3-0: Base on Balls
Batting: LHB Daniel Orozco 0-0: Foul Ball, location: 2F
0-1: Ball
1-1: SINGLE (Flyball, 7S)
Jeffery Casey to second
Batting: RHB Jonathan Holden 0-0: Swinging Strike
0-1: Ball
1-1: Ball
2-1: Ball
3-1: Reached on error, E5 (Groundball, 5)
Jeffery Casey to third
Daniel Orozco to second
Batting: RHB Rob Walker 0-0: Ball
1-0: Foul Ball, location: 2F
1-1: Ball
2-1: Ball
3-1: Base on Balls
Jeffery Casey scores
Daniel Orozco to third
Jonathan Holden to second
Batting: RHB Shawn Hanner 0-0: Ball
1-0: Ball
2-0: Ball
3-0: Base on Balls
Daniel Orozco scores
Jonathan Holden to third
Rob Walker to second
Batting: RHB Ted Morgan 0-0: Swinging Strike
0-1: Called Strike
0-2: Strikes out swinging
Bottom of the 5th over - 4 run(s), 1 hit(s), 1 error(s), 3 left on base; Bishop Amat HS 5 - Grand Rapids HS 12
TOP OF THE 6TH
Bishop Amat HS batting - Pitching for Grand Rapids HS Summit : RHP Preston Holman
Batting: RHB Ben Martin 0-0: Ball
1-0: Called Strike
1-1: Fly out, F9 (Flyball, 9)
Batting: RHB Ralph Petit 0-0: Swinging Strike
0-1: Ball
1-1: Foul Ball, location: 2F
1-2: Ball
2-2: Ball
3-2: Reached on error, E5 (Groundball, 56)
Batting: RHB Ken Pérez 0-0: Swinging Strike
0-1: Ball
1-1: Called Strike
1-2: DOUBLE (Flyball, 89M)
Ralph Petit scores
Batting: RHB Mike Best 0-0: Called Strike
0-1: Ball
1-1: Ball
Wild Pitch!
Ken Pérez to third
2-1: Foul Ball, location: 2F
2-2: Ball
3-2: SINGLE (Groundball, 6) (infield hit)
Ken Pérez scores
Batting: RHB Louis García 0-0: Ball
1-0: Called Strike
1-1: Foul Ball, location: 2F
1-2: Strikes out swinging
Batting: RHB Haywood Young 0-0: Ball
1-0: Called Strike
1-1: Swinging Strike
1-2: Strikes out swinging
Top of the 6th over - 2 run(s), 2 hit(s), 1 error(s), 1 left on base; Bishop Amat HS 7 - Grand Rapids HS 12
BOTTOM OF THE 6TH
Grand Rapids HS Summit batting - Pitching for Bishop Amat HS : RHP Jeffrey Lyons
Batting: RHB Bob Barnes 0-0: Called Strike
0-1: Ball
1-1: Ball
2-1: Ground out 5-3 (Groundball, 56S)
Batting: RHB Julián Maez 0-0: Ball
1-0: Fly out, F7 (Flyball, 7S)
Batting: LHB Chris Henry 0-0: Ball
1-0: Foul Ball, location: 2F
1-1: Ball
2-1: Called Strike
2-2: Foul Ball, location: 2F
2-2: Ball
3-2: Foul Ball, location: 2F
3-2: Foul Ball, location: 2F
3-2: Base on Balls
Batting: LHB Jeffery Casey 0-0: Foul Ball, location: 2F
0-1: Ground out 4-3 (Groundball, 34)
Bottom of the 6th over - 0 run(s), 0 hit(s), 0 error(s), 1 left on base; Bishop Amat HS 7 - Grand Rapids HS 12
TOP OF THE 7TH
Bishop Amat HS batting - Pitching for Grand Rapids HS Summit : RHP Preston Holman
Batting: LHB Adam Roberts 0-0: Foul Ball, location: 2F
0-1: Swinging Strike
0-2: Strikes out swinging
Batting: RHB Edison Knight 0-0: Ball
1-0: Ball
2-0: Ball
3-0: Base on Balls
Batting: RHB Andrew Miller 0-0: Ball
1-0: Swinging Strike
1-1: Foul Ball, location: 2F
1-2: Ball
2-2: Ball
3-2: Fly out, F3 (Popup, 3L)
Batting: RHB Ben Martin 0-0: Ball
1-0: Foul Ball, location: 2F
1-1: Foul Ball, location: 2F
1-2: Foul Ball, location: 2F
1-2: Foul Ball, location: 2F
1-2: Foul Ball, location: 2F
1-2: Foul Ball, location: 2F
1-2: SINGLE (Line Drive, 4MD)
Edison Knight to second
Pitching: LHP Michel Sharkey
Batting: RHB Ralph Petit 0-0: Foul Ball, location: 2F
0-1: Ball
1-1: Ball
2-1: Ball
3-1: DOUBLE (Line Drive, 78XD)
Edison Knight scores
Ben Martin to third
Runner from 3rd tries for Home, SAFE, no throw
Pinch Runner at 2nd Steve Bañuelos:
Batting: RHB Ken Pérez 0-0: Ball
1-0: Foul Ball, location: 2F
1-1: Swinging Strike
1-2: SINGLE (Flyball, 89M)
Steve Bañuelos to third
Runner from 3rd tries for Home, SAFE, no throw
Batting: RHB Mike Best 0-0: Swinging Strike
0-1: Ball
Passed Ball!
Ken Pérez to second
1-1: Fly out, F8 (Flyball, 8RXD)
Top of the 7th over - 3 run(s), 3 hit(s), 0 error(s), 1 left on base; Bishop Amat HS 10 - Grand Rapids HS 12
BOTTOM OF THE 7TH
Grand Rapids HS Summit batting - Pitching for Bishop Amat HS : RHP Jeffrey Lyons
Now in CF: Steve Bañuelos
Batting: LHB Daniel Orozco 0-0: Ball
1-0: Ball
2-0: Swinging Strike
2-1: Ball
3-1: Called Strike
3-2: Strikes out swinging
Batting: RHB Jonathan Holden 0-0: Ball
1-0: Ball
2-0: Ground out 6-3 (Groundball, 56)
Batting: RHB Rob Walker 0-0: Called Strike
0-1: Ball
1-1: Ball
2-1: Foul Ball, location: 2F
2-2: Foul Ball, location: 2F
2-2: Ground out 5-3 (Groundball, 2L)
Bottom of the 7th over - 0 run(s), 0 hit(s), 0 error(s), 0 left on base; Bishop Amat HS 10 - Grand Rapids HS 12
TOP OF THE 8TH
Bishop Amat HS batting - Pitching for Grand Rapids HS Summit : LHP Michel Sharkey
Batting: RHB Louis García 0-0: Ball
1-0: Ball
2-0: Ball
3-0: Foul Ball, location: 2F
3-1: Base on Balls
Pitching: RHP Bobby Moody
Batting: RHB Haywood Young 0-0: Foul Ball, location: 2F
0-1: Ball
1-1: Ball
2-1: Ball
3-1: Called Strike
3-2: Reached on error, E4 (Groundball, 4)
Louis García to second
Pitching: LHP Martín Aragón
Batting: LHB Adam Roberts 0-0: Ball
1-0: Ground out U3 (Groundball, 34S)
Louis García to third
Haywood Young to second
Pitching: RHP Juan Delgado
Batting: RHB Edison Knight 0-0: Called Strike
0-1: Ground out 6-3 (Groundball, 6S)
Louis García scores
Haywood Young to third
Batting: RHB Andrew Miller 0-0: Called Strike
0-1: Ball
1-1: Fly out, F8 (Flyball, 78M)
Top of the 8th over - 1 run(s), 0 hit(s), 1 error(s), 1 left on base; Bishop Amat HS 11 - Grand Rapids HS 12
BOTTOM OF THE 8TH
Grand Rapids HS Summit batting - Pitching for Bishop Amat HS : RHP Jeffrey Lyons
Pitching: LHP Peter Méndez
Batting: RHB Shawn Hanner 0-0: Called Strike
0-1: Ball
1-1: Swinging Strike
1-2: Ball
2-2: Strikes out swinging
Batting: RHB Ted Morgan 0-0: Ball
1-0: Foul Ball, location: 2F
1-1: Ball
2-1: Ball
3-1: Base on Balls
Batting: RHB Bob Barnes 0-0: Ball
1-0: Foul Ball, location: 2F
1-1: Fielders Choice at 2nd, 4-6 (Groundball, 4M)
Batting: RHB Julián Maez 0-0: Called Strike
0-1: Ball
1-1: Fly out, F7 (Flyball, 7LS)
Bottom of the 8th over - 0 run(s), 0 hit(s), 0 error(s), 1 left on base; Bishop Amat HS 11 - Grand Rapids HS 12
TOP OF THE 9TH
Bishop Amat HS batting - Pitching for Grand Rapids HS Summit : RHP Juan Delgado
Pitching: RHP Dale Jordan
Now in RF: Carlos Gutiérrez
Batting: RHB Ben Martin 0-0: Called Strike
0-1: Swinging Strike
0-2: Ball
1-2: Strikes out swinging
Batting: RHB Steve Bañuelos 0-0: Fly out, F5 (Popup, 56)
Pinch Hitting: RHB Blake Davis 0-0: Ball
1-0: Called Strike
1-1: Ball
2-1: Ball
3-1: Fly out, F8 (Flyball, 8LM)
Top of the 9th over - 0 run(s), 0 hit(s), 0 error(s), 0 left on base; Bishop Amat HS 11 - Grand Rapids HS 12
Thursday, March 30th, 2017 - OOTP Baseball 17.12 Build 75